 Dungeon Crawl Stone Soup version 0.17.1-1-g73c8601 (webtiles) character file.

5553 Implojin the Cleaver (level 10, -8/95 HPs)
             Began as a Minotaur Fighter on Apr 8, 2016.
             Was an Elder of Okawaru.
             Killed from afar by a fire drake (28 damage)
             ... with a blast of flame
             ... on level 2 of the Lair of Beasts.
             The game lasted 00:15:38 (2298 turns).

Implojin the Cleaver (Minotaur Fighter)             Turns: 2298, Time: 00:15:38

Health: -8/95      AC: 14    Str: 21    XL:     10   Next: 44%
Magic:  9/9        EV:  7    Int:  5    God:    Okawaru [****..]
Gold:   256        SH: 11    Dex: 13    Spells: 1 memorised, 8 levels left

rFire  . . .     SeeInvis .     f - +0 war axe (vamp)
rCold  + + .     Clarity  .     q - +1 plate armour
rNeg   . . .     SustAt   .     c - +0 shield
rPois  .         Gourm    .     (helmet restricted)
rElec  .         Spirit   .     (no cloak)
rCorr  .         Warding  .     (no gloves)
rMut   .         Stasis   .     (no boots)
MR     .....                    (no amulet)
Stlth  ..........               y - ring of protection from cold
                                s - ring of protection from cold

@: heroism, not resistant to hostile enchantments, extremely unstealthy
A: retaliatory headbutt, horns 2
a: Heroism, Renounce Religion


You were on level 2 of the Lair of Beasts.
You worshipped Okawaru.
Okawaru was greatly pleased with you.
You were not hungry.

You visited 3 branches of the dungeon, and saw 16 of its levels.
You also visited: Sewer and Ice Cave.

You collected 256 gold pieces.

Inventory:

Hand Weapons
 a - a +0 war axe
 f - a +0 vampiric war axe (weapon)
 w - a +0 battleaxe
Missiles
 e - 7 curare-tipped needles
 m - 6 javelins (quivered)
Armour
 c - a +0 shield (worn)
 n - a +0 chain mail of poison resistance
 q - a +1 plate armour (worn)
Magical Staves
 d - an uncursed staff of cold {unknown}
Jewellery
 s - a ring of protection from cold (left hand)
 y - a ring of protection from cold (right hand)
Wands
 p - a wand of frost (13)
 t - a wand of magic darts (22)
Scrolls
 b - a scroll of random uselessness {unknown}
 v - a scroll of holy word {unknown}
 D - a scroll of magic mapping {unknown}
 G - a scroll of amnesia {unknown}
Potions
 i - a potion of magic
 k - a potion of cure mutation
 l - 4 potions of flight
 r - a potion of berserk rage {unknown}
 u - a potion of haste {unknown}
 z - a potion of curing
 B - a potion of invisibility {unknown}
 E - a potion of degeneration {unknown}
 F - a potion of brilliance {unknown}
Comestibles
 h - a royal jelly
 o - 2 meat rations
 A - 2 bread rations


   Skills:
 - Level 11.0(16.0) Fighting
 * Level 14.8(19.8) Axes
 - Level 3.6(8.6) Armour
 - Level 3.6(8.6) Shields


You had 8 spell levels left.
You knew the following spells:

 Your Spells              Type           Power        Failure   Level  Hunger
a - Apportation           Tloc           #.........   100%        1    ##.....


Dungeon Overview and Level Annotations

Branches:
Dungeon (12/15)            Temple (1/1) D:5            Lair (3/8) D:11
  Swamp: Lair:3-6    Shoals: Lair:3-6     Snake: Lair:3-6    Spider: Lair:3-6
    Orc: D:9-12

Altars:
Elyvilon
Fedhas
Gozag
Nemelex Xobeh
Okawaru
Qazlal
Trog
Yredelemnul
Zin
The Shining One

Annotations:
Lair:2 Jessica


Innate Abilities, Weirdness & Mutations

You reflexively headbutt those who attack you in melee.
You have a pair of horns on your head.


Message History

You hit the sheep. You headbutt the sheep.
The sheep is moderately wounded.
You closely miss the sheep. You headbutt the sheep!
You kill the sheep!
Okawaru accepts your kill.
Your surroundings suddenly seem different.
m - 8 javelins (gained 2)
A crocodile comes into view.
Throwing (i - inventory):
m - 8 javelins (quivered)
Press: ? - help, Shift-Dir - straight line, f - crocodile
Aim: a crocodile You throw a javelin.
The javelin hits the crocodile!
The crocodile is heavily wounded.
Throwing (i - inventory):
m - 7 javelins (quivered)
Press: ? - help, Shift-Dir - straight line, f/p - crocodile
Aim: a crocodile (heavily wounded)
You throw a javelin.
The javelin hits the crocodile but does no damage.
The crocodile is heavily wounded.
You slash the crocodile!
The crocodile is almost dead.
The crocodile bites you but does no damage.
You slash the crocodile!
You feel better.
You kill the crocodile!
Okawaru accepts your kill.
A fire drake comes into view.
The fire drake bites you but does no damage.
You see here a javelin.
You slice the fire drake!!
The fire drake is heavily wounded.
You hear the rumble of an avalanche of rocks.
The fire drake bites you but does no damage.
You hit the fire drake.
You feel better.
The fire drake is heavily wounded.
You block the fire drake's attack.
You hit the fire drake.
You feel better.
The fire drake is severely wounded.
The fire drake breathes flames at you. The blast of flame hits you!
You die...

......................#
.......................
..................[...#
..........P###.#..#.#.#
....(.....###..######
###.......##...##.#
[.........#....#..
###........#...#k# #
#..(....P#...#@#
.........##P..#.###
...........####...P#
....................#
(..!..................#
......................#
......................#
.....#####.#..# .....
....#


You could see a fire drake.

Vanquished Creatures
  A hydra (Lair:1)
  An ugly thing (D:12)
  2 ice statues (IceCv)
  A basilisk (Lair:2)
  Menkaure (D:6)
  A porcupine (Lair:2)
  A water moccasin (Lair:1)
  2 orc warriors (D:6)
  16 ice beasts
  An ogre (D:11)
  2 phantoms
  A crocodile (Lair:2)
  A necrophage (D:6)
  2 centaurs
  4 giant frogs
  A wyvern zombie (D:9)
  2 scorpions
  3 crimson imps (D:5)
  3 iguanas
  A worker ant (D:9)
  2 giant frog skeletons
  3 orc priests
  A gnoll shaman (D:5)
  5 orc wizards
  A sheep (Lair:2)
  A hound skeleton (D:4)
  8 gnolls
  11 adders
  A shadow imp (D:9)
  An ooze (D:4)
  19 orcs
  3 bats (D:3)
  7 giant cockroaches
  2 goblins
  5 hobgoblins
  6 jackals
  4 ball pythons
  A ball python skeleton (D:5)
  A giant cockroach zombie (D:6)
  5 giant geckos
  5 giant newts
  2 kobolds
  2 rats
143 creatures vanquished.

Notes
Turn   | Place    | Note
--------------------------------------------------------------
     0 | D:1      | Implojin the Minotaur Fighter began the quest for the Orb.
     0 | D:1      | Reached XP level 1. HP: 19/19 MP: 0/0
   110 | D:2      | Reached skill level 3 in Axes
   120 | D:2      | Reached XP level 2. HP: 23/26 MP: 1/1
   125 | D:2      | Found a faded altar to an unknown god.
   137 | D:2      | Reached skill level 4 in Axes
   216 | D:3      | Reached XP level 3. HP: 31/31 MP: 2/2
   222 | D:4      | Noticed a phantom
   308 | D:3      | Killed a phantom
   308 | D:3      | Reached skill level 6 in Axes
   308 | D:3      | Reached XP level 4. HP: 5/39 MP: 3/3
   348 | D:3      | Reached XP level 5. HP: 20/45 MP: 4/4
   441 | D:3      | Found a glowing drain.
   446 | Sewer    | Entered a sewer
   564 | Sewer    | Reached skill level 7 in Axes
   627 | Sewer    | Reached skill level 8 in Axes
   627 | Sewer    | Reached XP level 6. HP: 19/51 MP: 5/5
   742 | D:5      | Entered Level 5 of the Dungeon
   766 | D:5      | Reached skill level 4 in Fighting
   802 | D:5      | Reached skill level 5 in Fighting
   802 | D:5      | Reached XP level 7. HP: 16/61 MP: 6/6
   844 | D:5      | Reached skill level 6 in Fighting
   884 | D:4      | Found a blossoming altar of Fedhas.
   990 | D:5      | Reached skill level 7 in Fighting
  1051 | D:5      | Found a staircase to the Ecumenical Temple.
  1060 | Temple   | Entered the Ecumenical Temple
  1116 | Temple   | Became a worshipper of Warmaster Okawaru
  1250 | D:6      | Reached skill level 8 in Fighting
  1325 | D:6      | Reached XP level 8. HP: 63/75 MP: 7/7
  1354 | D:6      | Reached skill level 9 in Fighting
  1439 | D:6      | Noticed Menkaure
  1458 | D:6      | Killed Menkaure
  1458 | D:6      | Reached * piety under Okawaru
  1458 | D:6      | Reached skill level 10 in Fighting
  1558 | D:8      | Reached skill level 11 in Fighting
  1681 | D:7      | Found a stormy altar of Qazlal.
  1681 | D:7      | Found a bloodstained altar of Trog.
  1698 | D:8      | Reached skill level 9 in Axes
  1702 | D:8      | Found a sparkling altar of Nemelex Xobeh.
  1798 | D:10     | Entered Level 10 of the Dungeon
  1838 | D:11     | Reached XP level 9. HP: 56/89 MP: 5/8
  1881 | D:11     | Found a staircase to the Lair.
  1886 | D:12     | Noticed a green ugly thing
  1897 | D:12     | Killed a green ugly thing
  1897 | D:12     | Reached ** piety under Okawaru
  1897 | D:12     | Reached skill level 10 in Axes
  1920 | Lair:1   | Entered Level 1 of the Lair of Beasts
  1931 | Lair:1   | Learned a level 1 spell: Apportation
  1973 | Lair:1   | Noticed a seven-headed hydra
  1984 | Lair:1   | Killed an eight-headed hydra
  1984 | Lair:1   | Reached *** piety under Okawaru
  1984 | Lair:1   | Reached skill level 12 in Axes
  2002 | Lair:2   | Found a frozen archway.
  2019 | Lair:2   | Reached skill level 13 in Axes
  2025 | Lair:2   | Reached XP level 10. HP: 95/95 MP: 6/9
  2032 | IceCv    | Entered an ice cave
  2047 | IceCv    | Reached **** piety under Okawaru
  2073 | IceCv    | Reached skill level 14 in Axes
  2215 | Lair:2   | Noticed an eight-headed hydra
  2255 | Lair:2   | Noticed Jessica
  2259 | Lair:2   | HP: 1/95 [sheep (4)]
  2294 | Lair:2   | Noticed a fire drake
  2298 | Lair:2   | Killed from afar by a fire drake

Action                   |  1- 3 |  4- 6 |  7- 9 | 10-12 || total
-------------------------+-------+-------+-------+-------++-------
Melee: War axe           |    55 |   105 |   225 |    61 ||   446
Throw: Javelin           |       |       |     5 |     5 ||    10
Invok: Heroism           |       |       |     4 |     4 ||     8
  Use: Potion            |       |     1 |       |     1 ||     2
       Scroll            |       |       |     4 |     4 ||     8
  Eat: Bread ration      |     1 |       |       |       ||     1
       Chunk             |       |       |     4 |       ||     4
       Meat ration       |       |       |       |     1 ||     1

Table legend:
 A = Turns spent in this place as a percentage of turns spent in the entire game.
 B = Non-inter-level travel turns spent in this place as a percentage of non-inter-level travel turns spent in the entire game.
 C = Inter-level travel turns spent in this place as a percentage of turns spent in this place.
 D = Turns resting spent in this place as a percentage of non-inter-level travel turns spent in this place.
 E = Turns spent auto-exploring this place as a percentage of non-inter-level travel turns spent in this place.
 F = Non-inter-level travel turns spent in this place divided by the number of levels of this place that you've seen.
                   A       B       C       D       E      F
               +-------+-------+-------+-------+-------+----------------------
         Total | 100.0 | 100.0 |   0.0 |   0.0 |   0.0 | 125.3
       Dungeon |  70.5 |  70.5 |   0.0 |   0.0 |   0.0 | 132.5
        Temple |   3.3 |   3.3 |   0.0 |   0.0 |   0.0 |  74.0
          Lair |  14.2 |  14.2 |   0.0 |   0.0 |   0.0 | 107.0
         Sewer |   9.4 |   9.4 |   0.0 |   0.0 |   0.0 | 211.0
      Ice Cave |   2.7 |   2.7 |   0.0 |   0.0 |   0.0 |  60.0
               +-------+-------+-------+-------+-------+----------------------

Table legend:
 A = Kills in this place as a percentage of kills in entire the game.
 B = Kills by you in this place as a percentage of kills by you in the entire game.
 C = Kills by friends in this place as a percentage of kills by friends in the entire game.
 D = Other kills in this place as a percentage of other kills in the entire game.
 E = Experience gained in this place as a percentage of experience gained in the entire game.
 F = Experience gained in this place divided by the number of levels of this place that you have seen.
                   A       B       C       D       E      F
               +-------+-------+-------+-------+-------+----------------------
         Total | 100.0 | 100.0 |  -nan |  -nan | 100.0 | 440.8
       Dungeon |  68.5 |  68.5 |  -nan |  -nan |  40.2 | 265.6
          Lair |  11.2 |  11.2 |  -nan |  -nan |  34.0 | 898.3
         Sewer |  14.0 |  14.0 |  -nan |  -nan |   3.2 | 255.0
      Ice Cave |   6.3 |   6.3 |  -nan |  -nan |  22.6 | 1797.0
               +-------+-------+-------+-------+-------+----------------------
